BLB
MONTREAL EXPORTS @ PAWTUCKET PATRIOTS
04/09/2060
 
TOP OF THE 1ST
Montreal Exports batting - Pitching for Pawtucket Patriots : LHP Zachary Jackson
Pitching: LHP Zachary Jackson
Batting: RHB Landon Zitter 0-0: Called Strike
0-1: Ball
1-1: DOUBLE (Line Drive, 78XD, EV 112.5 MPH)
Batting: RHB Henry Miller 0-0: Swinging Strike
0-1: Swinging Strike
0-2: Strikes out swinging
Batting: RHB Kyle Levin 0-0: Called Strike
0-1: Foul Ball, location: 2F
0-2: Ball
Balk!
Landon Zitter to third
1-2: Fly out, F9 (Flyball, 9S, EV 88.1 MPH)
Batting: RHB Eli Tracy 0-0: Called Strike
0-1: Ball
1-1: DOUBLE (Line Drive, 8LXD, EV 107.5 MPH)
Landon Zitter scores
Batting: LHB Josh Plautz 0-0: Called Strike
0-1: Ball
1-1: Ground out 6-3 (Groundball, 6, EV 80.6 MPH)
Top of the 1st over - 1 run, 2 hits, 0 errors, 1 left on base; Montreal 1 - Pawtucket 0
BOTTOM OF THE 1ST
Pawtucket Patriots batting - Pitching for Montreal Exports : RHP Jeremy Jackson
Pitching: RHP Jeremy Jackson
Batting: SHB Cody Janway 0-0: Called Strike
0-1: Foul Ball, location: 2F
0-2: Ball
1-2: Foul Ball, location: 2F
1-2: Fly out, F3 (Line Drive, 34, EV 71.2 MPH)
Batting: RHB Keith Friday 0-0: Foul Ball, location: 2F
0-1: Called Strike
0-2: Ball
1-2: SINGLE (Line Drive, 8LS, EV 101.2 MPH)
Batting: LHB Ira Benda 0-0: Called Strike
0-1: Ball
1-1: Ball
Keith Friday is caught stealing 2nd base 2-6
2-1: Fly out, F8 (Flyball, 8RS, EV 83.1 MPH)
Bottom of the 1st over - 0 runs, 1 hit, 0 errors, 0 left on base; Montreal 1 - Pawtucket 0
TOP OF THE 2ND
Montreal Exports batting - Pitching for Pawtucket Patriots : LHP Zachary Jackson
Batting: RHB Cody Henning 0-0: Foul Ball, location: 2F
0-1: Ball
1-1: Ground out 6-3 (Groundball, 6, EV 78.8 MPH)
Batting: RHB Max Johnson 0-0: Ground out 4-3 (Groundball, 4, EV 103.8 MPH)
Batting: LHB Teddy Burch 0-0: Ball
1-0: Ball
2-0: Ball
3-0: Base on Balls
Batting: LHB Justin Wyatt 0-0: Ball
1-0: Called Strike
1-1: Swinging Strike
1-2: Ball
2-2: Foul Ball, location: 2F
2-2: Foul Ball, location: 2F
2-2: Ball
3-2: Strikes out swinging
Top of the 2nd over - 0 runs, 0 hits, 0 errors, 1 left on base; Montreal 1 - Pawtucket 0
BOTTOM OF THE 2ND
Pawtucket Patriots batting - Pitching for Montreal Exports : RHP Jeremy Jackson
Batting: LHB Justin Knight 0-0: Foul Ball, location: 2F
0-1: Ground out U3 (Groundball, 3, EV 86.2 MPH)
Batting: RHB Carter Kocher 0-0: Ball
1-0: Ball
2-0: Ground out 6-3 (Groundball, 56D, EV 81.9 MPH)
Batting: LHB Benjamin Guy 0-0: Ball
1-0: Ball
2-0: Ball
3-0: Called Strike
3-1: SINGLE (Groundball, 34S, EV 68.8 MPH) (infield hit)
Batting: RHB Brayden Carlson 0-0: Called Strike
0-1: SINGLE (Groundball, 25, EV 74.4 MPH) (infield hit)
Benjamin Guy to second
Batting: RHB Logan Kyle 0-0: Fly out, F8 (Flyball, 8RM, EV 88.1 MPH)
Bottom of the 2nd over - 0 runs, 2 hits, 0 errors, 2 left on base; Montreal 1 - Pawtucket 0
TOP OF THE 3RD
Montreal Exports batting - Pitching for Pawtucket Patriots : LHP Zachary Jackson
Batting: RHB Landon Zitter 0-0: Swinging Strike
0-1: Foul Ball, location: 2F
0-2: Ball
1-2: Strikes out swinging
Batting: RHB Henry Miller 0-0: Ball
1-0: Ball
2-0: Fly out, F7 (Flyball, 78D, EV 83.8 MPH)
Batting: RHB Kyle Levin 0-0: Foul Ball, location: 2F
0-1: Foul Ball, location: 2F
0-2: Ball
1-2: Strikes out looking
Top of the 3rd over - 0 runs, 0 hits, 0 errors, 0 left on base; Montreal 1 - Pawtucket 0
BOTTOM OF THE 3RD
Pawtucket Patriots batting - Pitching for Montreal Exports : RHP Jeremy Jackson
Batting: RHB Vin Edwards 0-0: Foul Ball, location: 2F
0-1: Ground out 5-3 (Groundball, 56, EV 90.0 MPH)
Batting: SHB Cody Janway 0-0: Ball
1-0: Called Strike
1-1: Ball
2-1: Ball
3-1: Base on Balls
Batting: RHB Keith Friday 0-0: Fielders Choice at 2nd, 4-6 (Groundball, 4, EV 85.0 MPH)
Batting: LHB Ira Benda 0-0: Swinging Strike
0-1: Ball
1-1: Swinging Strike
Pickoff Throw by Catcher to First - Out!
Bottom of the 3rd over - 0 runs, 0 hits, 0 errors, 0 left on base; Montreal 1 - Pawtucket 0
TOP OF THE 4TH
Montreal Exports batting - Pitching for Pawtucket Patriots : LHP Zachary Jackson
Batting: RHB Eli Tracy 0-0: Ball
1-0: Ball
2-0: Foul Ball, location: 2F
2-1: Foul Ball, location: 2F
2-2: SINGLE (Line Drive, 6MD, EV 95.6 MPH)
Batting: LHB Josh Plautz 0-0: Ball
1-0: Grounds into double play, 4-6-3 (Groundball, 4, EV 77.5 MPH)
Batting: RHB Cody Henning 0-0: Ball
1-0: Ball
2-0: Called Strike
2-1: Foul Ball, location: 2F
2-2: Fly out, F8 (Flyball, 78D, EV 101.9 MPH)
Top of the 4th over - 0 runs, 1 hit, 0 errors, 0 left on base; Montreal 1 - Pawtucket 0
BOTTOM OF THE 4TH
Pawtucket Patriots batting - Pitching for Montreal Exports : RHP Jeremy Jackson
Batting: LHB Ira Benda 0-0: SOLO HOME RUN (Flyball, 7LD, EV 96.2 MPH), Distance : 351 ft
Batting: LHB Justin Knight 0-0: Called Strike
0-1: SINGLE (Line Drive, 34, EV 95.6 MPH)
Batting: RHB Carter Kocher 0-0: SINGLE (Groundball, 56D, EV 99.4 MPH)
Justin Knight to second
Batting: LHB Benjamin Guy 0-0: Called Strike
0-1: Ball
1-1: Ball
Wild Pitch!
Justin Knight to third
Carter Kocher to second
2-1: SINGLE (Groundball, 6D, EV 108.8 MPH)
Justin Knight scores
Carter Kocher to third
Batting: RHB Brayden Carlson 0-0: Swinging Strike
0-1: Called Strike
0-2: Ball
1-2: Strikes out swinging
Batting: RHB Logan Kyle 0-0: Ball
1-0: Ball
2-0: Ball
Pickoff Throw by Catcher to First - Out!
3-0: Called Strike
3-1: Foul Ball, location: 2F
3-2: Foul Ball, location: 2F
3-2: Ground out 6-3 (Groundball, 6MD, EV 100.0 MPH)
Bottom of the 4th over - 2 runs, 4 hits, 0 errors, 1 left on base; Montreal 1 - Pawtucket 2
TOP OF THE 5TH
Montreal Exports batting - Pitching for Pawtucket Patriots : LHP Zachary Jackson
Batting: RHB Max Johnson 0-0: Called Strike
0-1: DOUBLE (Groundball, 5L, EV 105.0 MPH)
Batting: LHB Teddy Burch 0-0: Foul Ball, location: 2F
0-1: Foul Ball, location: 2F
0-2: SINGLE (Line Drive, 9S, EV 106.9 MPH)
Max Johnson to third
Runner from 3rd tries for Home, SAFE, throw by RF to home
Batting: LHB Justin Wyatt 0-0: Ball
1-0: Ball
2-0: Swinging Strike
2-1: Foul Ball, location: 2F
2-2: SINGLE (Groundball, 34D, EV 102.5 MPH)
Teddy Burch to second
Runner from 2nd tries for 3rd, SAFE, throw by RF made to third
Batting: RHB Landon Zitter 0-0: Ball
1-0: Foul Ball, location: 2F
1-1: Foul Ball, location: 2F
1-2: Ball
2-2: Ball
3-2: Base on Balls
Justin Wyatt to second
Batting: RHB Henry Miller 0-0: Swinging Strike
0-1: Fielders Choice at 2nd, 6-4 (Groundball, 6, EV 105.6 MPH)
Teddy Burch scores
Justin Wyatt to third
Batting: RHB Kyle Levin 0-0: Grounds into double play, 6-4-3 (Groundball, 6, EV 105.6 MPH)
Top of the 5th over - 2 runs, 3 hits, 0 errors, 1 left on base; Montreal 3 - Pawtucket 2
BOTTOM OF THE 5TH
Pawtucket Patriots batting - Pitching for Montreal Exports : RHP Jeremy Jackson
Batting: RHB Vin Edwards 0-0: Foul Ball, location: 2F
0-1: Ball
1-1: Fly out, F9 (Flyball, 9S, EV 90.6 MPH)
Batting: SHB Cody Janway 0-0: Ground out U3 (Groundball, 3, EV 101.9 MPH)
Batting: RHB Keith Friday 0-0: Called Strike
0-1: Ball
1-1: Called Strike
1-2: Foul Ball, location: 2F
1-2: Ball
2-2: Strikes out swinging
Bottom of the 5th over - 0 runs, 0 hits, 0 errors, 0 left on base; Montreal 3 - Pawtucket 2
TOP OF THE 6TH
Montreal Exports batting - Pitching for Pawtucket Patriots : LHP Zachary Jackson
Batting: RHB Eli Tracy 0-0: Foul Ball, location: 2F
0-1: Called Strike
0-2: Fly out, F8 (Flyball, 8LXD, EV 77.5 MPH)
Batting: LHB Josh Plautz 0-0: Ball
1-0: Called Strike
1-1: SINGLE (Flyball, 3D, EV 91.9 MPH)
Batting: RHB Cody Henning 0-0: Foul Ball, location: 2F
0-1: Foul Ball, location: 2F
0-2: Strikes out looking
Batting: RHB Max Johnson 0-0: Foul Ball, location: 2F
0-1: Foul Ball, location: 2F
0-2: Ball
1-2: SINGLE (Groundball, 4M, EV 105.0 MPH) (infield hit)
Josh Plautz to second
Pitching: LHP Micah Brock
Batting: LHB Teddy Burch 0-0: Ball
1-0: Fly out, F5 (Popup, 6S, EV 68.8 MPH)
Top of the 6th over - 0 runs, 2 hits, 0 errors, 2 left on base; Montreal 3 - Pawtucket 2
BOTTOM OF THE 6TH
Pawtucket Patriots batting - Pitching for Montreal Exports : RHP Jeremy Jackson
Batting: LHB Ira Benda 0-0: Reached on error, E3 (Groundball, 34S, EV 75.0 MPH)
Batting: LHB Justin Knight 0-0: Ball
1-0: Foul Ball, location: 2F
1-1: 2-RUN HOME RUN (Flyball, 7LD, EV 96.2 MPH), Distance : 348 ft
Batting: RHB Carter Kocher 0-0: Ball
1-0: Ball
2-0: Called Strike
2-1: Foul Ball, location: 2F
2-2: Fly out, F3 (Line Drive, 3, EV 63.8 MPH)
Batting: LHB Benjamin Guy 0-0: Ball
1-0: Foul Ball, location: 2F
1-1: Called Strike
1-2: Fly out, F9 (Line Drive, 9, EV 84.4 MPH)
Batting: RHB Brayden Carlson 0-0: Called Strike
0-1: Ball
1-1: Called Strike
1-2: Ground out 1-3 (Groundball, 13, EV 73.1 MPH)
Bottom of the 6th over - 2 runs, 1 hit, 1 error, 0 left on base; Montreal 3 - Pawtucket 4
TOP OF THE 7TH
Montreal Exports batting - Pitching for Pawtucket Patriots : LHP Micah Brock
Batting: LHB Justin Wyatt 0-0: Called Strike
0-1: Swinging Strike
0-2: Strikes out swinging
Batting: RHB Landon Zitter 0-0: Fly out, F7 (Flyball, 7, EV 90.6 MPH)
Batting: RHB Henry Miller 0-0: Called Strike
0-1: Ball
1-1: SINGLE (Groundball, 56D, EV 107.5 MPH)
Batting: RHB Kyle Levin 0-0: Ball
1-0: Foul Ball, location: 2F
1-1: Ground out U3 (Groundball, 3, EV 108.1 MPH)
Top of the 7th over - 0 runs, 1 hit, 0 errors, 1 left on base; Montreal 3 - Pawtucket 4
BOTTOM OF THE 7TH
Pawtucket Patriots batting - Pitching for Montreal Exports : RHP Jeremy Jackson
Batting: RHB Logan Kyle 0-0: Swinging Strike
0-1: Ball
1-1: Foul Ball, location: 2F
1-2: Foul Ball, location: 2F
1-2: Foul Ball, location: 2F
1-2: Foul Ball, location: 2F
1-2: Foul Ball, location: 2F
1-2: Foul Ball, location: 2F
1-2: SOLO HOME RUN (Flyball, 78XD, EV 103.8 MPH), Distance : 405 ft
Pitching: RHP Payton Lambert
Batting: RHB Vin Edwards 0-0: Swinging Strike
0-1: Reached on error, E5 (Groundball, 56, EV 78.8 MPH)
Batting: SHB Cody Janway 0-0: Ball
1-0: Bunted foul
1-1: Sac Bunt to P - play at first, batter OUT! 1-3
Vin Edwards to second
Batting: RHB Keith Friday 0-0: Called Strike
0-1: Ball
1-1: Swinging Strike
1-2: Ball
2-2: Ball
3-2: Strikes out swinging
Batting: LHB Ira Benda 0-0: Ball
1-0: Fly out, F8 (Flyball, 89M, EV 90.0 MPH)
Bottom of the 7th over - 1 run, 1 hit, 1 error, 1 left on base; Montreal 3 - Pawtucket 5
TOP OF THE 8TH
Montreal Exports batting - Pitching for Pawtucket Patriots : LHP Micah Brock
Batting: RHB Eli Tracy 0-0: Called Strike
0-1: SINGLE (Groundball, 6D, EV 101.2 MPH)
Pinch Hitting: RHB Teddy Pettaway 0-0: Called Strike
0-1: Ball
1-1: Foul Ball, location: 2F
1-2: Strikes out swinging
Batting: RHB Cody Henning 0-0: Ball
1-0: Ball
2-0: Foul Ball, location: 2F
2-1: SINGLE (Line Drive, 5D, EV 100.6 MPH)
Eli Tracy to second
Pitching: RHP Tommy Pitz
Batting: RHB Max Johnson 0-0: Called Strike
0-1: Grounds into double play, 6-4-3 (Groundball, 6, EV 81.2 MPH)
Top of the 8th over - 0 runs, 2 hits, 0 errors, 1 left on base; Montreal 3 - Pawtucket 5
BOTTOM OF THE 8TH
Pawtucket Patriots batting - Pitching for Montreal Exports : RHP Payton Lambert
Now in RF: Asher Miles
Batting: LHB Justin Knight 0-0: Swinging Strike
0-1: Ball
1-1: Ball
2-1: Called Strike
2-2: Ball
3-2: Ground out 6-3 (Groundball, 6, EV 80.6 MPH)
Batting: RHB Carter Kocher 0-0: Called Strike
0-1: Called Strike
0-2: Foul Ball, location: 2F
0-2: Fly out, F8 (Flyball, 8RD, EV 83.1 MPH)
Batting: LHB Benjamin Guy 0-0: Called Strike
0-1: Foul Ball, location: 2F
0-2: SINGLE (Groundball, 13S, EV 69.4 MPH) (infield hit)
Batting: RHB Brayden Carlson 0-0: SINGLE (Groundball, 56D, EV 96.9 MPH)
Benjamin Guy to second
Batting: RHB Logan Kyle 0-0: Ball
1-0: Foul Ball, location: 2F
1-1: Ball
2-1: Fielders Choice at 2nd, 6-4 (Groundball, 6, EV 101.9 MPH)
Bottom of the 8th over - 0 runs, 2 hits, 0 errors, 2 left on base; Montreal 3 - Pawtucket 5
TOP OF THE 9TH
Montreal Exports batting - Pitching for Pawtucket Patriots : RHP Tommy Pitz
Pitching: RHP J.D. de Leon
Now at 1B: Burgess Nalivkin
Batting: LHB Teddy Burch 0-0: Ground out U3 (Groundball, 3S, EV 85.0 MPH)
Batting: LHB Justin Wyatt 0-0: Ball
1-0: Foul Ball, location: 2F
1-1: Ball
2-1: SINGLE (Line Drive, 8LS, EV 93.8 MPH)
Batting: RHB Landon Zitter 0-0: Ball
1-0: Called Strike
1-1: Ball
2-1: Foul Ball, location: 2F
2-2: Grounds into double play, 5-4-3 (Groundball, 56, EV 103.1 MPH)
Top of the 9th over - 0 runs, 1 hit, 0 errors, 0 left on base; Montreal 3 - Pawtucket 5
Thursday, April 25th , 2024 - OOTP Baseball 23.10 Build 110